 Dungeon Crawl Stone Soup version 0.14-a0-942-gbd853f2 (webtiles) character file.

207 Malachi the Skirmisher (level 4, -1/35 HPs)
             Began as a Demonspawn Abyssal Knight on Nov 19, 2013.
             Was a Believer of Lugonu.
             Hit by a tomahawk thrown by an orc warrior (10 damage)
             ... on Level 3 of the Dungeon.
             The game lasted 00:04:37 (3063 turns).

Malachi the Skirmisher (Demonspawn Abyssal Knight)  Turns: 3063, Time: 00:04:37

HP  -1/35        AC  3     Str 13      XL: 4   Next: 94%
MP   5/5         EV 11     Int 14      God: Lugonu [**....]
Gold 74          SH  0     Dex 12      Spells:  0 memorised,  3 levels left

Res.Fire  : . . .   See Invis. : .   a - +2 spear
Res.Cold  : . . .   Warding    : .   b - +0 leather armour
Life Prot.: . . .   Conserve   : .   (no shield)
Res.Poison: .       Res.Corr.  : .   (no helmet)
Res.Elec. : .       Clarity    : .   (no cloak)
Sust.Abil.: . .     Spirit.Shd : .   (no gloves)
Res.Mut.  : .       Stasis     : .   (no boots)
Res.Rott. : .       Flight     : .   (no amulet)
Saprovore : . . .                    (no ring)
                                     (no ring)

@: slightly resistant to hostile enchantments, fairly stealthy
A: claws 1, demonic guardian 1, nightstalker 1
a: Depart the Abyss, Bend Space, Renounce Religion


You were on level 3 of the Dungeon.
You worshipped Lugonu.
Lugonu was pleased with you.
You were very hungry.

You visited 1 branch of the dungeon, and saw 3 of its levels.
You visited the Abyss 1 time.

You collected 74 gold pieces.

Inventory:

Hand weapons
 a - a +2,+2 spear (weapon)
Armour
 b - a +0 leather armour (worn)
Comestibles
 c - 2 bread rations
 o - a meat ration
 u - a rotting chunk of worm flesh
Scrolls
 d - 2 scrolls of magic mapping {unknown}
 f - a scroll of noise {unknown}
 h - a scroll of remove curse {unknown}
 i - a scroll of enchant weapon II {unknown}
 j - a scroll of teleportation {unknown}
 k - 2 scrolls of enchant weapon I {unknown}
 m - a scroll of recharging {unknown}
 n - 2 scrolls of identify {unknown}
 r - a scroll of enchant armour {unknown}
Potions
 e - a potion of curing
 g - a potion of poison {unknown}
 l - a potion of heal wounds {unknown}
 p - a potion of confusion {unknown}
 q - a potion of restore abilities {unknown}


   Skills:
 + Level 4.2 Fighting
 + Level 2.6 Polearms
 + Level 2.5 Armour
 + Level 1.8 Dodging
 + Level 2.7 Invocations


You had 3 spell levels left.
You didn't know any spells.

Dungeon Overview and Level Annotations

Branches:
Dungeon (3/16)

Altars:
Cheibriados

Portals:
Ziggurat: D:3 (3000 gp)

Annotations:
D:3 PolkaDot's ghost, weakling TrDK


Innate Abilities, Weirdness & Mutations

You have sharp fingernails.
A weak demonic guardian rushes to your aid.
You are slightly more attuned to the shadows.


Message History

* * * LOW HITPOINT WARNING * * *
You see here a rotting rat corpse.
A goblin comes into view. It is wielding a war axe.
The goblin shouts!
The goblin throws a dart.
The dart hits you!
* * * LOW HITPOINT WARNING * * *
PolkaDot's ghost barely misses your lemure.
The orc warrior shouts!
PolkaDot's ghost hits your lemure.
Your lemure hits PolkaDot's ghost but does no damage.
Your lemure misses PolkaDot's ghost. Your lemure hits PolkaDot's ghost.
An orc comes into view. It is wielding an orcish mace.
The orc priest shouts!
The orc shouts!
The orc warrior throws a tomahawk.
The tomahawk misses you.
You see here a tomahawk.
The orc wizard shouts!
The orc priest utters an invocation to Beogh.
You feel a wave of unholy energy pass over you.
The orc warrior throws a tomahawk.
The tomahawk hits you!
You die...

#..##...# #.. #..##...#
#.###.....#.#
#........<#g# .
##.....g.(.#.# #######.
#.......####.# #.....#.
#...o..5# #.# #.......
#.......####.#####.......
....o...@..%.............
#...oo..####.###.###..%#)
................%......%
..........#.###%###...#.
................####...
###.########...# #... #.
.....# #... #......# ###.
#......# .


You could see an orc warrior, an orc priest, an orc wizard, an orc, a goblin and
a friendly lemure.

Vanquished Creatures
  Jessica (D:2)
  3 adders
  A worm (D:3)
  3 giant geckos
  5 orcs (D:3)
  A ball python (D:1)
  3 giant cockroaches
  4 hobgoblins
  8 bats
  5 giant newts
  5 goblins
  5 kobolds
  10 rats
54 creatures vanquished.

Vanquished Creatures (collateral kills)
  2 orc priests (D:3)
  A giant mite (D:3)
  2 orcs (D:3)
  A ball python (D:3)
  2 rats (D:3)
8 creatures vanquished.

Vanquished Creatures (others)
  A ghoul (D:1)
  2 minotaurs (D:1)
  A spriggan (D:1)
  2 trolls (D:1)
  A human (D:1)
  A naga (D:1)
  An ogre (D:1)
  A dwarf (D:1)
  A felid (D:1)
  A centaur (D:1)
  A crimson imp (D:2)
  A lemure (D:3)
  An orc (D:1)
  2 kobolds (D:1)
  7 tentacles (D:1)
  25 tentacle segments (D:1)
49 creatures vanquished.

Grand Total: 111 creatures vanquished

Notes
Turn   | Place    | Note
--------------------------------------------------------------
     0 | Abyss:1  | Malachi, the Demonspawn Abyssal Knight, began the quest for the Orb.
     0 | Abyss:1  | Reached XP level 1. HP: 16/16 MP: 1/1
    11 | D:1      | Escaped the Abyss
    14 | D:1      | Noticed a troll
    14 | D:1      | Noticed a human
    14 | D:1      | Noticed a ghoul
    14 | D:1      | Noticed a minotaur
    14 | D:1      | Noticed a dwarf
    14 | D:1      | Noticed an ogre
    14 | D:1      | Noticed a minotaur
    14 | D:1      | Noticed a centaur
    14 | D:1      | Noticed a kraken
    14 | D:1      | Noticed a spriggan
    14 | D:1      | Noticed a troll
    14 | D:1      | Noticed a felid
    14 | D:1      | Noticed a naga
    16 | D:1      | Killed a dwarf
    17 | D:1      | Killed an ogre
    18 | D:1      | Killed a centaur
    23 | D:1      | Killed a minotaur
    23 | D:1      | Killed a naga
    24 | D:1      | Killed a troll
    24 | D:1      | Killed a spriggan
    26 | D:1      | Killed a ghoul
    28 | D:1      | Killed a minotaur
    29 | D:1      | Killed a human
    31 | D:1      | Killed a troll
    36 | D:1      | Killed a felid
   550 | D:1      | Gained mutation: A weak demonic guardian rushes to your aid. [demonic ancestry]
   550 | D:1      | Reached XP level 2. HP: 22/22 MP: 2/2
   683 | D:1      | Reached skill level 1 in Dodging
   899 | D:2      | Found a snail-covered altar of Cheibriados.
   900 | D:2      | Noticed Jessica
   913 | D:2      | Killed Jessica
   913 | D:2      | Gained mutation: You have sharp fingernails. [demonic ancestry]
   913 | D:2      | Reached XP level 3. HP: 17/28 MP: 4/4
  1598 | D:2      | Acquired Lugonu's second power
  1811 | D:3      | Found a gateway to a ziggurat.
  1813 | D:3      | Noticed an orc warrior
  2096 | D:3      | Reached skill level 4 in Fighting
  2098 | D:3      | Gained mutation: You are slightly more attuned to the shadows. [demonic ancestry]
  2098 | D:3      | Reached XP level 4. HP: 12/35 MP: 5/5
  3011 | D:3      | Noticed PolkaDot's ghost (weakling TrDK)
  3063 | D:3      | Hit by a tomahawk thrown by an orc warrior

Action                   |  1- 3 |  4- 6 || total
-------------------------+-------+-------++-------
Melee: Spear             |    89 |    79 ||   168
  Use: Potion            |     1 |       ||     1
 Stab: Distracted        |       |     1 ||     1
